 Dungeon Crawl Stone Soup version 0.18-a0-1577-gf591c28 (webtiles) character file.

15 Duffy the Insei (level 2, 0/21 HPs)
             Began as a Demonspawn Transmuter on Mar 18, 2016.
             Slain by a giant gecko (5 damage)
             ... on level 1 of the Dungeon.
             The game lasted 00:00:40 (1069 turns).

Duffy the Insei (Demonspawn Transmuter)             Turns: 1069, Time: 00:00:41

Health: 0/21       AC:  2    Str: 10    XL:     2   Next: 34%
Magic:  5/5        EV: 12    Int: 14    God:
Gold:   26         SH:  0    Dex: 13    Spells: 1 memorised, 4 levels left

rFire  . . .     SeeInvis .       - Unarmed
rCold  . . .     Gourm    .     b - +0 robe
rNeg   . . .     Faith    .     (no shield)
rPois  .         Spirit   .     (helmet restricted)
rElec  .         Dismiss  .     (no cloak)
rCorr  .         Reflect  .     (no gloves)
SustAt .         Harm     .     (no boots)
MR     .....                    (no amulet)
Stlth  +.........               (no ring)
                                (no ring)

@: not resistant to hostile enchantments, very unstealthy
A: antennae 1
a: no special abilities


You were on level 1 of the Dungeon.
You were not hungry.

You visited 1 branch of the dungeon, and saw 1 of its levels.

You collected 26 gold pieces.


Innate Abilities, Weirdness & Mutations

You have a pair of small antennae on your head.


   Skills:
 - Level 1.0 Fighting
 - Level 1.7 Dodging
 + Level 3.3 Unarmed Combat
 - Level 2.0 Spellcasting
 - Level 2.0 Transmutations


You had 4 spell levels left.
You knew the following spells:

 Your Spells              Type           Power        Failure   Level  Hunger
a - Beastly Appendage     Trmt           #.....       12%         1    ##.....

Inventory:

Missiles
 a - 12 arrows
 h - 13 poisoned needles
Armour
 b - a +0 robe (worn)
Scrolls
 g - a scroll of recharging {unknown}
 i - a scroll of identify {unknown}
Potions
 e - a potion of degeneration {unknown}
 f - a potion of ambrosia {unknown}
Books
 c - a book of Changes
Comestibles
 d - a bread ration

Dungeon Overview and Level Annotations

Branches:
Dungeon (1/15)

Altars:


Message History

You completely miss the giant cockroach.
The giant cockroach barely misses you. The giant gecko bites you.
You closely miss the giant cockroach. The giant cockroach closely misses you.
The giant gecko bites you.
You hit the giant cockroach but do no damage.
The giant cockroach closely misses you. The giant gecko bites you.
You closely miss the giant cockroach. The giant cockroach barely misses you.
The giant gecko barely misses you.
You barely miss the giant cockroach. The giant cockroach bites you.
The giant gecko bites you.
You are too injured to fight recklessly!
You are too injured to fight recklessly!
You are too injured to fight recklessly!
You are too injured to fight recklessly!
You are too injured to fight recklessly!
You are too injured to fight recklessly!
You are too injured to fight recklessly!
You are too injured to fight recklessly!
You are too injured to fight recklessly!
You are too injured to fight recklessly!
You are too injured to fight recklessly!
You are too injured to fight recklessly!
You are too injured to fight recklessly!
You are too injured to fight recklessly!
You are too injured to fight recklessly!
You are too injured to fight recklessly!
You are too injured to fight recklessly!
The giant cockroach barely misses you. The giant gecko closely misses you.
The giant cockroach barely misses you. The giant cockroach barely misses you.
The giant gecko bites you. The giant cockroach bites you.
The giant gecko closely misses you. The giant gecko bites you.
You die...

............#.##.......#
............#.#.#######.
............#..#.......#
............#.###########.#
............#.............#
............#######'########
.................##.##.....#
...............l..#'##.....#
#.....#........s@...##.%...#
########..........######.###
#..........# #.#
#..........#### #.#
##............###.#
#..........##.....#
#..........#####..##
#..........# #...#
#..........# ##..#


You could see a giant gecko and a giant cockroach.

Action                   || total
-------------------------++-------
Melee: Unarmed           ||    38
 Stab: Sleeping          ||     1

Notes
Turn   | Place    | Note
--------------------------------------------------------------
     0 | D:1      | Duffy the Demonspawn Transmuter began the quest for the Orb.
     0 | D:1      | Reached XP level 1. HP: 15/15 MP: 3/3
   223 | D:1      | Reached skill level 2 in Transmutations
   398 | D:1      | Reached skill level 3 in Unarmed Combat
   447 | D:1      | Gained mutation: You have a pair of small antennae on your head. [demonic ancestry]
   447 | D:1      | Reached XP level 2. HP: 4/21 MP: 5/5
  1069 | D:1      | Slain by a giant gecko

Vault maps used:
D:1:      matt_arrival_los_fun, minivault_27, minmay_misc_feat_x,
          grunt_decor_fettered

Vanquished Creatures
  A dart slug
  A giant gecko
  A bat
  A giant cockroach
  2 goblins
  2 hobgoblins
  2 kobolds
10 creatures vanquished.
